AoeStats
← Accidenta11y

Arena

506573529Analyzed
1v1 RM · 19d ago on Sep 14, 2026· 39m 8s· 2 players
Game mode
Random Map
Map size
Tiny (2 player)
Population
200
Speed
Normal
Resources
Standard
Victory
Conquest
Starting age
Dark Age
Ending age
Imperial Age
RankedLock teamsTeams togetherTeam positionsShared explorationLock speedFull tech treeHidden civsTurbo modeCheats
Victory
Defeat
🇨🇳 Burgundians · China
946
+16
🇨🇦 Vietnamese · Canada
947
-16
曹阿瞒
10:47 Feudal Age
15:31 Castle Age
13:49 Double-Bit Axe
13:45 Horse Collar
15:43 Bow Saw
20:30 Heavy Plow
24:37 Wheelbarrow
25:16 Crop Rotation
25:44 Gold Mining
27:03 Two-Man Saw
27:00 Stone Mining
29:53 Imperial Age
28:06 Gold Shaft Mining
27:34 Husbandry
27:10 Cavalier
28:40 Forging
28:36 Scale Barding Armor
28:16 Treadmill Crane
28:28 Town Watch
29:04 Hand Cart
28:26 Light Cavalry
30:27 Stone Shaft Mining
30:42 Iron Casting
30:27 Chain Barding Armor
31:37 Chemistry
30:06 Paladin
31:52 Conscription
32:12 Burgundian Vineyards
34:06 Blast Furnace
33:41 Plate Barding Armor
33:34 Town Patrol
37:28 Herbal Medicine
Accidenta11y
10:20 Feudal Age
15:57 Double-Bit Axe
18:17 Castle Age
16:47 Fletching
16:55 Stone Mining
18:19 Horse Collar
19:14 Gold Mining
19:51 Crossbowman
22:21 Wheelbarrow
26:22 Padded Archer Armor
27:21 Hand Cart
27:28 Town Watch
27:56 Bow Saw
28:04 Leather Archer Armor
33:29 Imperial Age
31:26 Heavy Plow
31:40 Bodkin Arrow
32:40 Ballistics
32:53 Town Patrol
33:54 Forging
33:45 Scale Mail Armor
33:09 Pikeman
35:40 Chemistry
34:44 Squires
36:50 Iron Casting
36:31 Chain Mail Armor
37:42 Crop Rotation
37:45 Husbandry
37:38 Halberdier
Connection lost

Rejoining the realm…

Still unreachable

The connection could not be restored.

Session expired

The server has moved on; the page needs a fresh start.